 Dungeon Crawl Stone Soup version 0.22-a0-135-g6f012ad (webtiles) character file.

9 KristoblXynda the Sneak (level 2, 0/28 HPs)
             Began as a Naga Monk on Jan 31, 2018.
             Slain by a hobgoblin
             ... wielding a +0 club
              (2 damage)
             ... on level 1 of the Dungeon.
             The game lasted 00:00:33 (269 turns).

KristoblXynda the Sneak (Naga Monk)                  Turns: 269, Time: 00:00:35

Health: 0/28       AC:  1    Str: 13    XL:     2   Next: 12%
Magic:  2/2        EV: 10    Int: 10    God:
Gold:   27         SH:  0    Dex: 13    Spells: 1/1 levels left

rFire    . . .     SeeInvis +   e - +0 whip (elec)
rCold    . . .     Gourm    .   (no shield)
rNeg     . . .     Faith    .   b - +0 robe
rPois    +         Spirit   .   (no helmet)
rElec    .         Reflect  .   (no cloak)
rCorr    .         Harm     .   (no gloves)
MR       .....                  (no barding)
Stlth    ++........             (no amulet)
HPRegen  0.09/turn              (no ring)
MPRegen  0.08/turn              (no ring)

@: very slow
A: large, see invisible, deformed body, poison resistance, slowness 2, slow
metabolism 1, spit poison 1, AC +0
a: Spit Poison


You were on level 1 of the Dungeon.
You were not hungry.

You visited 1 branch of the dungeon, and saw 1 of its levels.

You collected 27 gold pieces.

Inventory:

Hand Weapons
 a - a +0 hand axe
 e - a +0 whip of electrocution (weapon)
Armour
 b - a +0 robe (worn)
Scrolls
 d - a scroll of blinking {unknown}
 f - a scroll of random uselessness {unknown}
Comestibles
 c - 2 rations
 g - 3 chunks of flesh


   Skills:
 - Level 3.0 Fighting
 * Level 3.3 Axes
 + Level 2.5 Dodging
 + Level 3.3 Stealth


You had one spell level left.
You didn't know any spells.

Dungeon Overview and Level Annotations

Branches:
Dungeon (1/15)

Altars:


Innate Abilities, Weirdness & Mutations

You cannot wear boots.
Your serpentine skin is tough. (AC +0)
You have supernaturally acute eyesight. (SInv)
Armour fits poorly on your strangely shaped body.
Your system is resistant to poisons. (rPois)
You cover ground very slowly.
You have a slow metabolism.
You can spit poison.


Message History

A hobgoblin is nearby!
A goblin comes into view. It is wielding a club.
You see here 12 gold pieces.
A hobgoblin comes into view. It is wielding a club.
The hobgoblin shouts!
The hobgoblin hits you with a club.
A rat comes into view.
You closely miss the hobgoblin. The hobgoblin barely misses you.
You barely miss the hobgoblin. The goblin hits you with a club.
The hobgoblin barely misses you.
You closely miss the hobgoblin. The goblin hits you with a club.
The hobgoblin hits you with a club.
* * * LOW HITPOINT WARNING * * *
The hobgoblin shouts!
You hit the goblin.
The goblin is moderately wounded.
The goblin hits you with a club.
* * * LOW HITPOINT WARNING * * *
The hobgoblin hits you with a club.
You die...

.......................#
..#....................#
...............รท......##
....#...................
........................
......................>.
.##.##..........$.......
.....#............
....####.@....... ..
#...gg#......
.......r####### ..#......
..g...... ..#.......
..#.....#. #.....##.


You could see 2 hobgoblins, a goblin and a rat.

Vanquished Creatures
  A leopard gecko (D:1)
  A bat (D:1)
  A giant cockroach (D:1)
  A hobgoblin (D:1)
  2 kobolds (D:1)
  A rat (D:1)
7 creatures vanquished.

Notes
Turn   | Place    | Note
-------+----------+-------------------------------------------
     0 | D:1      | KristoblXynda the Naga Monk began the quest for the Orb.
     0 | D:1      | Reached XP level 1. HP: 21/21 MP: 1/1
   129 | D:1      | Reached XP level 2. HP: 11/28 MP: 2/2
   269 | D:1      | Slain by a hobgoblin

Vault maps used:
D:1:      eino_arrival_water_cross, minmay_misc_feat_plants

Action                   || total
-------------------------++-------
Melee: Whip              ||    20
       Hand axe          ||     6
 Abil: Spit Poison       ||     1
 Stab: Sleeping          ||     1
Armor: Robe              ||     5
Dodge: Dodged            ||    16

Table legend:
 A = Spawn XP
 B = Non-spawn XP
 C = Spawn XP percentage of total XP
 D = Spawn monster count
 E = Non-spawn monster count
 F = Spawn count percentage of total count
 G = Total turns spent on level
                    A         B        C        D         E        F      G
               +---------+---------+-------+---------+---------+-------+---------
         Total |       0 |      13 |   0.0 |       0 |       7 |   0.0 |   269
               +---------+---------+-------+---------+---------+-------+---------
           D:1 |       0 |      13 |   0.0 |       0 |       7 |   0.0 |   269
               +---------+---------+-------+---------+---------+-------+---------
